[ AOE2 MATCH · #506944377 ]
UnrankedKhitans vs Britons
Player's team · LOSS
Rival team · WIN
[ REPLAY ANALYSIS · EXTRACTED FROM THE RECORDED GAME ]
Feudal
10:57
Castle
—
Imperial
—
| APM avg | 53.6 |
| APM peak | 94 |
| eAPM avg | 22.0 |
| Villagers / military | 53 / 34 |
Focus
⚔️ 43.2% · 🌾 56.8%
Skirmisher ×15 · Scout Cavalry ×14 · Spearman ×3 · Militia ×2
Feudal
8:51
Castle
21:08
Imperial
—
| APM avg | 73.4 |
| APM peak | 94 |
| eAPM avg | 22.5 |
| Villagers / military | 51 / 29 |
Focus
⚔️ 33.5% · 🌾 66.5%
Archer ×18 · Scout Cavalry ×6 · Militia ×3 · Knight ×2
Match map
Initial resources + every placement click. Lines = walls · curves = elevation contours. ◆ gold · ⬟ stone · ● berries · ✦ relic · ◌ wall gap
Your base· Open — unwalled flank
Nobody's base· Open — unwalled flank
Smoothed initial terrain · ◌ = detected wall gap · hover for details
Inputs per minute
— [ASYNC]GodsPrisoner - - Nobody
Build order — [ASYNC]GodsPrisoner
135 actions detected in the replay
| 0:00 | Queue | Villager (Male) |
| 0:02 | Build | House |
| 0:03 | Build | House |
| 0:10 | Queue | Villager (Male) |
| 0:10 | Queue | Villager (Male) |
| 0:11 | Queue | Villager (Male) |
| 1:27 | Queue | Villager (Male) |
| 1:48 | Queue | Villager (Male) |
| 2:08 | Build | Lumber Camp |
| 2:32 | Queue | Villager (Male) |
| 2:53 | Queue | Villager (Male) |
| 3:14 | Queue | Villager (Male) |
| 3:35 | Queue | Villager (Male) |
| 3:57 | Build | House |
| 4:10 | Queue | Villager (Male) |
| 4:36 | Queue | Villager (Male) |
| 4:42 | Queue | Villager (Male) |
| 4:47 | Build | Barracks |
| 5:04 | Build | House |
| 5:13 | Queue | Villager (Male) |
| 5:29 | Queue | Villager (Male) |
| 5:45 | Queue | Militia |
| 5:45 | Queue | Militia |
| 5:47 | Research | Loom |
| 6:14 | Build | Mill |
| 6:17 | Queue | Villager (Male) |
| 6:41 | Queue | Villager (Male) |
| 6:58 | Queue | Villager (Male) |
| 7:01 | Build | House |
| 7:27 | Queue | Villager (Male) |
| 7:27 | Queue | Villager (Male) |
| 7:53 | Build | Mining Camp |
| 8:05 | Queue | Villager (Male) |
| 8:34 | Research | Feudal Age |
| 9:23 | Build | Mill |
| 10:19 | Build | House |
| 10:57 | Age | Feudal Age |
| 11:00 | Queue | Spearman |
| 11:00 | Queue | Villager (Male) |
| 11:11 | Build | Archery Range |
| 11:14 | Queue | Villager (Male) |
| 11:25 | Build | Pasture |
| 11:30 | Queue | Villager (Male) |
| 11:41 | Research | Double-Bit Axe |
| 11:56 | Queue | Villager (Male) |
| 11:57 | Queue | Skirmisher |
| 12:03 | Build | Watch Tower |
| 12:08 | Queue | Villager (Male) |
| 12:22 | Queue | Villager (Male) |
| 12:31 | Queue | Villager (Male) |
| 12:36 | Build | Lumber Camp |
| 12:40 | Queue | Skirmisher |
| 12:40 | Queue | Villager (Male) |
| 13:12 | Queue | Villager (Male) |
| 13:14 | Build | House |
| 13:15 | Build | House |
| 13:27 | Build | Pasture |
| 13:29 | Queue | Skirmisher |
| 13:30 | Queue | Villager (Male) |
| 13:40 | Queue | Villager (Male) |
| 13:58 | Build | Pasture |
| 14:07 | Build | Pasture |
| 14:12 | Queue | Villager (Male) |
| 14:16 | Queue | Skirmisher |
| 14:26 | Build | Pasture |
| 14:42 | Queue | Skirmisher |
| 14:43 | Queue | Villager (Male) |
| 14:49 | Build | Pasture |
| 14:53 | Queue | Skirmisher |
| 15:03 | Queue | Villager (Male) |
| 15:22 | Queue | Skirmisher |
| 15:23 | Queue | Villager (Male) |
| 15:37 | Queue | Villager (Male) |
| 15:40 | Build | Blacksmith |
| 15:45 | Queue | Skirmisher |
| 15:47 | Queue | Villager (Male) |
| 15:51 | Build | House |
| 15:55 | Queue | Skirmisher |
| 16:21 | Research | Fletching |
| 16:24 | Queue | Skirmisher |
| 16:40 | Research | Padded Archer Armor |
| 16:41 | Queue | Skirmisher |
| 16:51 | Build | Stable |
| 16:56 | Queue | Villager (Male) |
| 16:58 | Queue | Skirmisher |
| 17:08 | Build | House |
| 17:12 | Queue | Villager (Male) |
| 17:20 | Queue | Skirmisher |
| 17:25 | Queue | Skirmisher |
| 17:29 | Build | House |
| 17:38 | Queue | Scout Cavalry |
| 17:38 | Queue | Scout Cavalry |
| 17:38 | Queue | Scout Cavalry |
| 17:38 | Queue | Scout Cavalry |
| 17:53 | Build | Pasture |
| 18:10 | Build | House |
| 18:17 | Queue | Scout Cavalry |
| 18:20 | Research | Forging |
| 18:21 | Queue | Villager (Male) |
| 18:41 | Queue | Scout Cavalry |
| 18:55 | Queue | Scout Cavalry |
| 19:01 | Queue | Villager (Male) |
| 19:09 | Build | Mining Camp |
| 19:19 | Queue | Skirmisher |
| 19:20 | Queue | Scout Cavalry |
| 19:25 | Build | Pasture |
| 19:25 | Build | Pasture |
| 19:25 | Build | Pasture |
| 19:26 | Build | Pasture |
| 19:26 | Build | Pasture |
| 19:26 | Build | Pasture |
| 19:27 | Queue | Villager (Male) |
| 19:45 | Build | Stable |
| 19:47 | Queue | Scout Cavalry |
| 20:07 | Queue | Scout Cavalry |
| 20:11 | Queue | Villager (Male) |
| 20:11 | Queue | Villager (Male) |
| 20:16 | Queue | Villager (Male) |
| 20:20 | Queue | Scout Cavalry |
| 20:20 | Queue | Scout Cavalry |
| 20:25 | Build | House |
| 20:26 | Build | House |
| 20:31 | Queue | Villager (Male) |
| 20:48 | Build | Pasture |
| 20:51 | Queue | Villager (Male) |
| 20:58 | Queue | Villager (Male) |
| 21:05 | Queue | Villager (Male) |
| 21:07 | Queue | Scout Cavalry |
| 21:18 | Queue | Villager (Male) |
| 21:31 | Queue | Scout Cavalry |
| 21:35 | Queue | Villager (Male) |
| 21:44 | Build | Market |
| 21:48 | Queue | Spearman |
| 21:48 | Queue | Spearman |
| 21:51 | Queue | Villager (Male) |
Build order — Nobody
First 150 of 153 actions detected
| 0:00 | Queue | Villager (Male) |
| 0:02 | Build | House |
| 0:03 | Build | House |
| 0:05 | Queue | Villager (Male) |
| 0:06 | Queue | Villager (Male) |
| 0:07 | Queue | Villager (Male) |
| 0:07 | Queue | Villager (Male) |
| 1:22 | Queue | Villager (Male) |
| 1:40 | Queue | Villager (Male) |
| 1:41 | Queue | Villager (Male) |
| 2:05 | Queue | Villager (Male) |
| 2:05 | Queue | Villager (Male) |
| 2:07 | Build | Lumber Camp |
| 2:15 | Queue | Villager (Male) |
| 2:42 | Queue | Villager (Male) |
| 3:13 | Queue | Villager (Male) |
| 3:25 | Build | House |
| 3:30 | Queue | Villager (Male) |
| 3:30 | Queue | Villager (Male) |
| 3:56 | Queue | Villager (Male) |
| 4:31 | Queue | Villager (Male) |
| 5:01 | Build | Barracks |
| 5:15 | Queue | Villager (Male) |
| 5:42 | Build | House |
| 5:47 | Queue | Villager (Male) |
| 5:53 | Build | Palisade Wall |
| 5:54 | Build | Palisade Wall |
| 6:08 | Research | Loom |
| 6:31 | Research | Feudal Age |
| 6:31 | Research | Feudal Age |
| 6:31 | Research | Feudal Age |
| 6:31 | Research | Feudal Age |
| 6:47 | Build | Mining Camp |
| 7:01 | Queue | Militia |
| 7:01 | Queue | Militia |
| 7:13 | Build | House |
| 7:29 | Queue | Militia |
| 8:32 | Queue | Villager (Male) |
| 8:51 | Age | Feudal Age |
| 8:58 | Queue | Villager (Male) |
| 9:00 | Build | Archery Range |
| 9:18 | Research | Double-Bit Axe |
| 9:18 | Research | Double-Bit Axe |
| 9:18 | Research | Double-Bit Axe |
| 9:36 | Queue | Villager (Male) |
| 9:46 | Queue | Villager (Male) |
| 9:53 | Queue | Villager (Male) |
| 9:54 | Queue | Archer |
| 9:55 | Build | House |
| 10:04 | Queue | Archer |
| 10:11 | Queue | Villager (Male) |
| 10:13 | Build | Mill |
| 10:19 | Queue | Archer |
| 10:30 | Build | House |
| 11:10 | Build | House |
| 11:11 | Queue | Villager (Male) |
| 11:24 | Queue | Archer |
| 11:27 | Queue | Villager (Male) |
| 11:29 | Build | Farm |
| 11:29 | Build | Farm |
| 11:30 | Build | Farm |
| 11:31 | Build | Farm |
| 11:43 | Build | Blacksmith |
| 11:52 | Queue | Villager (Male) |
| 11:56 | Queue | Archer |
| 12:25 | Build | Farm |
| 12:27 | Build | Farm |
| 12:36 | Queue | Villager (Male) |
| 12:38 | Queue | Archer |
| 12:41 | Build | House |
| 12:52 | Queue | Villager (Male) |
| 12:54 | Build | Farm |
| 12:58 | Queue | Archer |
| 13:21 | Queue | Villager (Male) |
| 13:25 | Research | Fletching |
| 13:25 | Research | Fletching |
| 13:25 | Research | Fletching |
| 13:25 | Research | Fletching |
| 13:29 | Build | Farm |
| 13:34 | Queue | Archer |
| 13:38 | Queue | Villager (Male) |
| 13:39 | Build | Farm |
| 14:10 | Queue | Villager (Male) |
| 14:17 | Build | Stable |
| 14:18 | Queue | Villager (Male) |
| 14:30 | Queue | Archer |
| 14:43 | Queue | Archer |
| 14:48 | Queue | Villager (Male) |
| 14:51 | Queue | Villager (Male) |
| 14:54 | Queue | Villager (Male) |
| 14:55 | Build | Farm |
| 15:07 | Queue | Scout Cavalry |
| 15:08 | Build | House |
| 15:24 | Queue | Villager (Male) |
| 15:31 | Queue | Scout Cavalry |
| 15:39 | Build | Farm |
| 15:45 | Queue | Archer |
| 15:52 | Build | House |
| 16:09 | Queue | Villager (Male) |
| 16:21 | Queue | Villager (Male) |
| 16:23 | Build | Farm |
| 16:25 | Queue | Archer |
| 16:31 | Queue | Villager (Male) |
| 16:34 | Build | Farm |
| 16:41 | Queue | Scout Cavalry |
| 16:47 | Queue | Villager (Male) |
| 16:51 | Build | Farm |
| 17:25 | Build | Farm |
| 17:32 | Build | Farm |
| 17:41 | Queue | Archer |
| 17:42 | Queue | Archer |
| 17:56 | Build | Farm |
| 17:57 | Queue | Villager (Male) |
| 18:10 | Build | Farm |
| 18:28 | Research | Castle Age |
| 18:28 | Research | Castle Age |
| 18:28 | Research | Castle Age |
| 18:28 | Research | Castle Age |
| 18:28 | Research | Castle Age |
| 18:37 | Queue | Scout Cavalry |
| 19:01 | Queue | Archer |
| 19:03 | Build | House |
| 19:04 | Build | House |
| 19:08 | Queue | Scout Cavalry |
| 19:11 | Research | Padded Archer Armor |
| 19:11 | Research | Padded Archer Armor |
| 19:11 | Research | Padded Archer Armor |
| 19:11 | Research | Padded Archer Armor |
| 19:26 | Queue | Archer |
| 19:36 | Research | Scale Barding Armor |
| 19:36 | Research | Scale Barding Armor |
| 19:37 | Research | Horse Collar |
| 19:37 | Research | Horse Collar |
| 19:37 | Research | Horse Collar |
| 19:37 | Research | Horse Collar |
| 19:37 | Research | Horse Collar |
| 20:06 | Queue | Scout Cavalry |
| 21:08 | Age | Castle Age |
| 21:11 | Research | Crossbowman (upgrade) |
| 21:11 | Research | Bodkin Arrow |
| 21:12 | Queue | Knight |
| 21:14 | Queue | Villager (Male) |
| 21:15 | Build | Town Center |
| 21:16 | Queue | Villager (Male) |
| 21:24 | Queue | Villager (Male) |
| 21:33 | Queue | Knight |
| 21:35 | Queue | Villager (Male) |
| 21:36 | Queue | Archer |
| 21:57 | Queue | Villager (Male) ×2 |
| 22:16 | Queue | Villager (Male) |
Match timeline
| 4:47 | [ASYNC]GodsPrisoner · first_building Barracks |
| 5:01 | Nobody · first_building Barracks |
| 5:53 | Nobody · wall_segment Palisade Wall x1 |
| 5:54 | Nobody · wall_segment Palisade Wall x1 |
| 8:51 | Nobody · age_up feudal |
| 9:00 | Nobody · first_building Archery Range |
| 10:57 | [ASYNC]GodsPrisoner · age_up feudal |
| 11:11 | [ASYNC]GodsPrisoner · first_building Archery Range |
| 14:17 | Nobody · first_building Stable |
| 16:51 | [ASYNC]GodsPrisoner · first_building Stable |
| 21:08 | Nobody · age_up castle |
| 22:34 | [ASYNC]GodsPrisoner · resign |
[ AI ANALYSIS · 1 CREDIT ]
What really happened in this match?
Wolo.gg analyzes every decision: build order, eco, micro, common mistakes by bracket. Personalized analysis on WhatsApp or Discord in 30 seconds.
Civ guide
Khitans
Perfil
Jugador #2420511